 Dungeon Crawl Stone Soup version 0.24-a0-584-g9d6b971ae4 (console) character file.

Game seed: 1469582262101144852, levelgen mode: deterministic

26 G3Kappa the Chopper (level 2, 4/22 HPs)
             Began as a Demonspawn Gladiator on Aug 30, 2019.
             Quit the game on level 1 of the Dungeon.
             The game lasted 00:04:02 (901 turns).

G3Kappa the Chopper (Demonspawn Gladiator)           Turns: 901, Time: 00:04:03

Health: 4/22       AC:  4    Str: 14    XL:     2   Next: 89%
Magic:  2/2        EV: 12    Int:  9    God:
Gold:   46         SH:  4    Dex: 14    Spells: 1/1 levels left

rFire    . . .     SeeInvis .   a - +0 war axe
rCold    . . .     Gourm    .   (no shield)
rNeg     . . .     Faith    .   b - +0 leather armour
rPois    .         Spirit   .   c - +0 helmet
rElec    .         Reflect  .   (no cloak)
rCorr    .         Harm     .   (no gloves)
MR       .....                  (no boots)
Stlth    +.........             (no amulet)
HPRegen  0.07/turn              (no ring)
MPRegen  0.08/turn              (no ring)

@: no status effects
A: large bone plates 1
a: no special abilities


You were on level 1 of the Dungeon.
You were not hungry.

You visited 1 branch of the dungeon, and saw 2 of its levels.

You collected 46 gold pieces.

Inventory:

Hand Weapons
 a - a +0 war axe (weapon)
Missiles
 d - a throwing net (quivered)
Armour
 b - a +0 leather armour (worn)
 c - a +0 helmet (worn)
Scrolls
 e - a scroll of immolation {unknown}
 g - a scroll of amnesia {unknown}
 h - a scroll of teleportation {unknown}
Comestibles
 f - 3 rations


   Skills:
 - Level 2.0 Fighting
 + Level 3.8 Axes
 - Level 1.7 Throwing
 - Level 2.6 Dodging


You had one spell level left.
You didn't know any spells.
Your spell library was empty.

Dungeon Overview and Level Annotations

Branches:
Dungeon (2/15)

Altars:

Annotations:
D:2 Natasha


Innate Abilities, Weirdness & Mutations

You are partially covered in large bone plates. (SH +4)


Message History

There is a stone staircase leading down here.
You have 46 gold pieces.
Unknown command.
You feel sick.
There is a stone staircase leading down here.
You feel sick.
There is a stone staircase leading down here.
You aren't carrying any potions.
You feel sick.
You feel sick.
You feel sick.
You are no longer poisoned.
You see here 12 stones.
You feel yourself speed up.
There is a stone staircase leading down here.
You can't go up here!
Are you sure you want to abandon this character and quit the game? (Confirm with "yes".)
Okay, then.
You are too injured to fight recklessly!
Are you sure you want to abandon this character and quit the game? (Confirm with "yes".)

......#######.#
#.#.#
#####.รท.......#
#.#.# #
########### #.#.#
# #.#.# # ##.#.#
######### #..#.#
........# #.##.#
........# #.##.#
######..# #.##.#
# #..#
#########.##.# #
#..#
##>@..........# #
#..#
##.#.#.####.####
#
#..#####.##.##.#
#(# #
#..>......(.##.#
#.# #
##.#####.#####.#
#.# #
##.#.#####.###.##
#.# #
#.###...###...##
#.# ##.#.##.#
##### #.#
##.###.# #.# ###
#.# #.# #.#
#.#########


There were no monsters in sight!

Vanquished Creatures
  An adder (D:2)
  A dart slug (D:1)
  2 bats (D:1)
  2 giant cockroaches (D:1)
  2 goblins (D:1)
  2 hobgoblins (D:1)
  2 frilled lizards (D:1)
  3 rats (D:1)
15 creatures vanquished.

Notes
Turn   | Place    | Note
-------+----------+-------------------------------------------
     0 | D:1      | G3Kappa the Demonspawn Gladiator began the quest for the
                  | Orb.
     0 | D:1      | Reached XP level 1. HP: 16/16 MP: 1/1
   177 | D:1      | Reached skill level 3 in Axes
   285 | D:1      | Gained mutation: You are partially covered in large bone
                  | plates. (SH +4) [demonic ancestry]
   285 | D:1      | Reached XP level 2. HP: 20/22 MP: 2/2
   877 | D:2      | Noticed Natasha
   901 | D:1      | Quit the game

Levels and vault maps discovered:
D:1:      sevenhm_arrival_forest_fort_large_2, layout_loops_ring
D:2:      layout_loops_ring, uniq_natasha

Skill      XL: |  1 |
---------------+----+-----
Axes           | 3 |  3.8
Fighting       | |  2.0
Throwing       | |  1.7
Dodging        | |  2.6

Action                   || total
-------------------------++-------
Melee: War axe           ||    52
Throw: Throwing net      ||     4
Armor: Leather armour    ||    18
Dodge: Dodged            ||    33
Block: Other             ||     1

Table legend:
 A = Non-vault XP
 B = Vault XP
 C = Vault XP percentage of total XP
 D = Non-vault monster count
 E = Vault monster count
 F = Vault count percentage of total count
                 A         B        C        D         E       F
            +---------+---------+-------+---------+---------+-------
      Total |      38 |       0 |   0.0 |      15 |       0 |   0.0
            +---------+---------+-------+---------+---------+-------
        D:1 |      24 |       0 |   0.0 |      14 |       0 |   0.0
        D:2 |      14 |       0 |   0.0 |       1 |       0 |   0.0
            +---------+---------+-------+---------+---------+-------
